 Dungeon Crawl Stone Soup version 0.16.2-12-gd0ad4c3 (webtiles) character file.

103556 spinkules the Tortoise (level 16, -29/108 HPs)
             Began as a Gargoyle Berserker on Oct 31, 2015.
             Was the Champion of Trog.
             Killed from afar by a trapdoor spider (39 damage)
             ... with an exploding inner flame
             ... hexed by the player character
             ... on level 5 of the Spider Nest on Nov 8, 2015.
             The game lasted 02:58:54 (26372 turns).

spinkules the Tortoise (Gargoyle Berserker)        Turns: 26372, Time: 02:58:54

Health: -29/108    AC: 40    Str: 25    XL:     16   Next: 36%
Magic:  16/16      EV: 15    Int: 13    God:    Trog [******]
Gold:   2801       SH:  0    Dex: 17    Spells: 0 memorised, 15 levels left

rFire  . . .     SeeInvis .     N - +9 executioner's axe (vamp)
rCold  . . .     Clarity  .     Y - +8 plate armour of Psaamm {rPois MR+ Int+4}
rNeg   + + .     SustAb   .     (no shield)
rPois  ∞         Gourm    +     (no helmet)
rElec  +         Spirit   .     (no cloak)
rCorr  .         Warding  .     T - +1 pair of gloves {Dex+3}
rMut   .         Stasis   .     O - +0 pair of boots
MR     ++...                    P - amulet of the gourmand
Stlth  ..........               n - ring "Smuan" {+Inv rPois Str+3}
                                U - ring of positive energy

@: flying, very slightly contaminated, invisible, very resistant to hostile
enchantments, extremely unstealthy
A: able to fly continuously, big wings, negative energy resistance 1,
electricity resistance, unbreathing, petrification resistance, rot immunity, AC
+11
a: Stop Flying, Burn Spellbooks, Berserk, Trog's Hand, Brothers in Arms,
Renounce Religion


You were on level 5 of the Spider Nest.
You worshipped Trog.
Trog was exalted by your worship.
You were not hungry.

You visited 4 branches of the dungeon, and saw 28 of its levels.
You also visited: Volcano.

You collected 3157 gold pieces.
You spent 356 gold pieces at shops.

Inventory:

Hand weapons
 m - a +0 mace of draining
 N - a +9 vampiric executioner's axe (weapon)
Armour
 O - a +0 pair of boots (worn)
 S - the cursed -2 pair of gloves of Magic {rC+ MR+ Int-5}
   (You bought it in a shop on level 6 of the Dungeon)

   It affects your intelligence (-5).
   It protects you from cold.
   It affects your resistance to hostile enchantments.
   It has a curse placed upon it.
 T - a +1 pair of gloves of dexterity (worn)
 Y - the +8 plate armour of Psaamm (worn) {rPois MR+ Int+4}
   (You found it on level 6 of the Lair of Beasts)

   It affects your intelligence (+4).
   It protects you from poison.
   It affects your resistance to hostile enchantments.
Rods
 F - a +1 rod of shadows (11/11)
   (You found it on level 9 of the Dungeon)
Jewellery
 n - the ring "Smuan" (right hand) {+Inv rPois Str+3}
   (You found it on level 9 of the Dungeon)

   [ring of invisibility]

   It affects your strength (+3).
   It protects you from poison.
   It lets you turn invisible.
 P - an amulet of the gourmand (around neck)
 U - a ring of positive energy (left hand)
Magical devices
 z - a wand of magic darts (10)
 D - a wand of digging (10)
 L - a wand of frost (19)
Scrolls
 b - a scroll of acquirement {unknown}
 f - 6 scrolls of teleportation
 g - a scroll of blinking
 k - 6 scrolls of magic mapping
 o - 19 scrolls of remove curse
 q - 3 scrolls of fog
 s - 6 scrolls of recharging
 t - 3 scrolls of fear
 w - 4 scrolls of enchant armour
 y - a scroll of silence {unknown}
 A - a scroll of noise
 B - a scroll of enchant weapon
 E - 4 scrolls of amnesia {unknown}
 H - 2 scrolls of summoning
 M - 2 scrolls of immolation
 V - a scroll of torment {unknown}
 W - a scroll of holy word {unknown}
Potions
 a - 3 potions of poison {unknown}
 d - 5 potions of restore abilities
 i - 3 potions of agility
 j - a potion of ambrosia {unknown}
 l - 3 potions of lignification
 r - 5 potions of heal wounds
 u - 15 potions of curing
 v - a potion of cure mutation
 x - a potion of invisibility
 C - 2 potions of cancellation
 G - 3 potions of resistance
 K - 2 potions of haste
 R - a potion of berserk rage
 X - 3 potions of brilliance
 Z - a potion of might
Books
 e - a book of Power

   Spells                             Type                      Level
   a - Fulminant Prism                Conjuration/Hexes            4
   b - Iskenderun's Mystic Blast      Conjuration                  4
   c - Venom Bolt                     Conjuration/Poison           5
   d - Bolt of Magma                  Conjuration/Fire/Earth       5
   e - Iron Shot                      Conjuration/Earth            6
   f - Orb of Destruction             Conjuration                  7
   g - Spellforged Servitor           Conjuration/Summoning        7
   Trog disapproves of the use of such an item.
Comestibles
 c - 11 bread rations
 h - 10 slices of pizza
 p - 20 fruits
 I - 12 royal jellies
 J - 6 beef jerkies
 Q - 4 meat rations


   Skills:
 + Level 15.2 Fighting
 + Level 13.9 Axes
 + Level 15.4 Armour
 + Level 12.0 Dodging


You had 15 spell levels left.
You didn't know any spells.

Dungeon Overview and Level Annotations

Branches:
Dungeon (11/15) Temple (0/1) D:4 Lair (8/8) D:8 Swamp (0/5) Lair:5 Spider (5/5) Lair:3 Slime (0/6) Lair:6 Lair:8 Orc (4/4) D:11 Elf (0/3) Orc:4

Altars:
Ashenzari
Cheibriados
Elyvilon
Fedhas
Gozag
Kikubaaqudgha
Makhleb
Nemelex Xobeh
Qazlal
Sif Muna
The Shining One
Beogh
Jiyva

Shops:
D:6 [   Orc:4 (*?[([*:=

Annotations:
D:11 exclusion: obsidian statue


Innate Abilities, Weirdness & Mutations

You are resistant to torment.
You are immune to poison.
You can fly continuously.
Your stone body is very resilient (AC +11).
Your wings are large and strong.
You resist negative energy.
You are resistant to electric shocks.
You can survive without breathing.
You are immune to petrification.
You are immune to rotting.


Message History

The jumping spider leaps!
The trapdoor spider misses you. The tarantella barely misses you.
The trapdoor spider bites you!
The jumping spider leaps!
The jumping spider is engulfed in roaring flames.
The jumping spider explodes!
The fiery explosion engulfs you!
* * * LOW HITPOINT WARNING * * *
The fiery explosion engulfs the wolf spider.
The wolf spider is almost dead.
The fiery explosion engulfs the trapdoor spider.
The trapdoor spider explodes!
The fiery explosion engulfs the wolf spider.
The wolf spider explodes!
The fiery explosion engulfs you!
* * * LOW HITPOINT WARNING * * *
The fiery explosion engulfs the tarantella.
The tarantella explodes!
Trog accepts your kill. x2
The fiery explosion engulfs you!
You die...

#.# ^#.....#
....#...%# #
#.........##.#
#...........§#.#
...............#
##.^...........#
#.%..^..§.§...%#
##......§@§§....#
#.%.....§§§§§...#
##^.....§§§§§...#
#........§§§...#
#........§§§§<.#
#..%.....§.....#
##..^.%........#
##^^....%^%..%.#
#..............#


There were no monsters in sight!

Vanquished Creatures
  Donald (Spider:2)
  2 orc warlords (Orc:3)
  2 emperor scorpions (Spider:3)
  Josephine (Orc:4)
  Fannar (D:10)
  5 hydras
  5 death yaks (Lair:5)
  An orc high priest (Orc:3)
  Urug (Orc:4)
  Nergalle (Lair:4)
  The ghost of schauveau the Geomancer, an experienced GrEE of Vehumet (D:8)
  Pikel (D:7)
  The ghost of schauveau the Geomancer, an experienced GrEE (D:7)
  21 wolf spiders
  A moth of wrath (Spider:3)
  2 hornets (Spider:4)
  9 orb spiders
  An ugly thing (D:11)
  3 orc knights
  A manticore (D:8)
  2 griffons
  A black mamba (Lair:8)
  9 elephants
  5 orc sorcerers
  A toenail golem (Volcano)
  Maurice (D:9)
  Joseph (Orc:4)
  3 torpor snails
  10 komodo dragons
  15 spiny frogs
  Psyche (D:8)
  7 demonic crawlers
  A fire drake (Lair:5)
  A queen bee (Spider:4)
  10 trolls
  12 jumping spiders
  A spriggan druid (Lair:8)
  A merfolk (D:8)
  A two-headed ogre (D:8)
  10 polar bears
  A slime creature (Lair:8)
  A baby alligator (Lair:5)
  22 blink frogs
  2 boulder beetles (Spider:1)
  13 spriggans (Lair:8)
  15 trapdoor spiders
  12 tarantellas
  36 yaks
  A hungry ghost (D:10)
  24 redbacks
  Eustachio (D:4)
  3 wyverns
  4 wraiths
  17 hippogriffs
  9 wargs
  29 wolves
  5 swamp worms (Lair:2)
  8 ice beasts
  6 water moccasins
  36 spiders
  A necrophage (D:9)
  5 sky beasts
  13 porcupines
  A slave (D:7)
  2 phantoms
  3 wasps (Lair:8)
  8 black bears
  28 orc warriors
  8 centaurs
  8 ogres
  Sigmund (D:4)
  Duvessa (D:8)
  17 crocodiles
  4 boring beetles
  11 giant frogs
  The ghost of schauveau the Digger, an average GrEE (D:3)
  4 big kobolds
  Blork the orc (D:4)
  A brain worm (Lair:3)
  A wyvern zombie (D:6)
  10 scorpions
  2 gnoll sergeants (D:9)
  27 killer bees
  5 wights (D:8)
  10 electric eels
  A goliath beetle (D:8)
  Dowan (D:8)
  4 crimson imps
  4 gnoll shamans
  4 jellies (Lair:6)
  8 hounds
  10 iguanas
  2 giant frog zombies
  A wasp zombie (D:7)
  A centaur skeleton (D:11)
  A hell rat (Lair:2)
  14 orc priests
  5 worker ants
  A killer bee zombie (D:10)
  32 orc wizards
  4 wolf simulacra (Lair:7)
  5 polar bear simulacra (Lair:7)
  29 sheep
  Ijyb (D:2)
  Jessica (D:2)
  3 hound skeletons
  A mummy (D:9)
  23 gnolls
  65 river rats
  A shadow imp (D:7)
  23 adders
  A giant mite (D:7)
  15 worms
  An adder zombie (D:7)
  5 giant geckos
  4 oozes
  139 orcs
  A bat skeleton (D:5)
  A bat zombie (D:8)
  4 giant cockroaches
  14 goblins
  21 hobgoblins
  18 jackals
  20 kobolds
  16 quokkas
  A ball python (D:2)
  19 bats
  3 giant newts
  2 orc zombies (Orc:4)
  A quokka zombie (D:3)
  25 rats
  2 river rat simulacra (Lair:7)
  3 ballistomycetes (D:10)
  A butterfly (D:4)
  13 fungi
  16 plants
1163 creatures vanquished.

Vanquished Creatures (collateral kills)
  A hell knight (Volcano)
  A toenail golem (Volcano)
  A red devil (Volcano)
  2 crimson imps (Volcano)
5 creatures vanquished.

Vanquished Creatures (others)
  A necromancer (Lair:7)
  A troll (Orc:4)
  A basilisk (Lair:6)
  3 slaves (D:8)
  A gnoll sergeant (D:8)
  2 killer bees (Spider:4)
  An orc wizard (D:8)
  A giant gecko (D:8)
  2 orcs
  A bat (D:8)
  A giant spore (D:10)
  4 fungi
  15 plants
34 creatures vanquished.

Grand Total: 1202 creatures vanquished

Notes
Turn   | Place    | Note
--------------------------------------------------------------
     0 | D:1      | spinkules, the Gargoyle Berserker, began the quest for the Orb.
     0 | D:1      | Reached XP level 1. HP: 14/14 MP: 1/1
   126 | D:1      | Reached XP level 2. HP: 19/19 MP: 2/2
   347 | D:1      | Acquired Trog's second power
   553 | D:2      | Reached XP level 3. HP: 23/23 MP: 3/3
   720 | D:2      | Noticed Jessica
   731 | D:2      | Reached skill level 4 in Axes
   736 | D:2      | Killed Jessica
   765 | D:2      | Reached XP level 4. HP: 28/28 MP: 4/4
   790 | D:2      | Noticed Ijyb
   798 | D:2      | Killed Ijyb
   998 | D:2      | Found a glowing golden altar of the Shining One.
   998 | D:2      | Found a burning altar of Makhleb.
  1032 | D:2      | Found a snail-covered altar of Cheibriados.
  1088 | D:3      | Found a shattered altar of Ashenzari.
  1228 | D:3      | Noticed schauveau's ghost (average GrEE)
  1238 | D:3      | Killed schauveau's ghost
  1238 | D:3      | Reached skill level 5 in Axes
  1238 | D:3      | Reached XP level 5. HP: 21/32 MP: 5/5
  1491 | D:3      | Found a sparkling altar of Nemelex Xobeh.
  1619 | D:3      | Found an opulent altar of Gozag.
  1851 | D:4      | Noticed Sigmund
  1856 | D:4      | Killed Sigmund
  1856 | D:4      | Reached XP level 6. HP: 37/37 MP: 6/6
  1925 | D:4      | Noticed Blork the orc
  1928 | D:4      | Noticed an ogre
  1937 | D:4      | Killed Blork the orc
  1939 | D:4      | Killed an ogre
  1939 | D:4      | Reached skill level 6 in Axes
  2065 | D:4      | Reached XP level 7. HP: 43/43 MP: 7/7
  2152 | D:4      | Acquired Trog's third power
  2189 | D:4      | Found a staircase to the Ecumenical Temple.
  2189 | D:4      | Noticed Eustachio
  2201 | D:4      | Killed Eustachio
  2485 | D:5      | Entered Level 5 of the Dungeon
  2944 | D:5      | Found a blossoming altar of Fedhas.
  2993 | D:5      | Reached skill level 5 in Fighting
  2993 | D:5      | Reached XP level 8. HP: 49/49 MP: 8/8
  3594 | D:6      | Reached skill level 5 in Armour
  3629 | D:6      | Reached skill level 7 in Axes
  3767 | D:6      | Found a stormy altar of Qazlal.
  3855 | D:6      | Found an ancient bone altar of Kikubaaqudgha.
  3924 | D:6      | Found Waskaik's Armour Boutique.
  4077 | D:6      | Bought the cursed -2 pair of gloves of Magic {rC+ MR+ Int-5} for 8 gold pieces
  4077 | D:6      | Bought a +1 pair of gloves of dexterity for 231 gold pieces
  4148 | D:6      | Found a white marble altar of Elyvilon.
  4314 | D:7      | Noticed schauveau's ghost (experienced GrEE)
  4333 | D:7      | Killed schauveau's ghost
  4333 | D:7      | Reached XP level 9. HP: 19/56 MP: 9/9
  4837 | D:7      | Received a gift from Trog
  5011 | D:7      | Reached skill level 5 in Dodging
  5346 | D:7      | Reached skill level 8 in Axes
  5718 | D:8      | Noticed Pikel
  5740 | D:7      | Reached XP level 10. HP: 56/63 MP: 10/10
  5743 | D:7      | Killed Pikel
  6186 | D:8      | Found a staircase to the Lair.
  6374 | D:8      | Found an opulent altar of Gozag.
  6489 | Lair:1   | Entered Level 1 of the Lair of Beasts
  6496 | Lair:1   | Found a dark tunnel.
  6560 | Volcano  | Entered a volcano
  6589 | Volcano  | Noticed a toenail golem
  6589 | Volcano  | Noticed a hell knight
  6593 | Volcano  | Killed a hell knight
  6597 | Volcano  | Killed a toenail golem
  6598 | Volcano  | Received a gift from Trog
  6710 | Volcano  | Noticed a toenail golem
  6730 | Volcano  | Killed a toenail golem
  6748 | Volcano  | Reached skill level 9 in Axes
  7409 | Lair:1   | Reached XP level 11. HP: 68/71 MP: 11/11
  7437 | Lair:1   | Noticed a six-headed hydra
  7446 | Lair:1   | Killed a six-headed hydra
  7701 | Lair:1   | Noticed a seven-headed hydra
  8219 | Lair:2   | Received a gift from Trog
  8336 | Lair:2   | Noticed a six-headed hydra
  8356 | Lair:2   | Killed a six-headed hydra
  8537 | Lair:2   | Reached skill level 10 in Armour
  8545 | Lair:2   | Reached skill level 10 in Fighting
  9144 | Lair:2   | Reached skill level 10 in Axes
  9180 | Lair:2   | Received a gift from Trog
  9268 | Lair:3   | Found a hole to the Spider Nest.
  9276 | Lair:3   | Reached XP level 12. HP: 78/78 MP: 12/12
  9528 | Lair:3   | Noticed a seven-headed hydra
  9540 | Lair:3   | Killed a seven-headed hydra
 10071 | Lair:3   | Reached skill level 11 in Armour
 10777 | Lair:4   | Noticed Nergalle
 10785 | Lair:4   | Killed Nergalle
 11579 | Lair:5   | Found a staircase to the Swamp.
 11776 | Lair:5   | Received a gift from Trog
 11779 | Lair:5   | Got a crude battleaxe {god gift}
 11780 | Lair:5   | Identified the +4 battleaxe "Prude" {chop, Int+3} (Trog gifted it to you on level 5 of the Lair of Beasts)
 12007 | Lair:5   | Gained mutation: You evolve. [potion of beneficial mutation]
 12012 | Lair:5   | Reached XP level 13. HP: 37/85 MP: 13/13
 12163 | Lair:5   | Noticed a death yak
 12163 | Lair:5   | Noticed a death yak
 12163 | Lair:5   | Noticed a death yak
 12163 | Lair:5   | Noticed a death yak
 12163 | Lair:5   | Noticed a death yak
 12178 | Lair:5   | Killed a death yak
 12179 | Lair:5   | Killed a death yak
 12181 | Lair:5   | Killed a death yak
 12187 | Lair:5   | Killed a death yak
 12187 | Lair:5   | Reached skill level 12 in Fighting
 12189 | Lair:5   | Killed a death yak
 12234 | Lair:5   | Lost mutation: You evolve. [evolution]
 12483 | Lair:6   | Found a staircase to the Slime Pits.
 12513 | Lair:6   | Received a gift from Trog
 12770 | Lair:6   | Received a gift from Trog
 13011 | Lair:6   | Got a crude plate armour
 13033 | Lair:6   | Identified the +8 plate armour of Psaamm {rPois MR+ Int+4} (You found it on level 6 of the Lair of Beasts)
 13915 | Lair:7   | Received a gift from Trog
 14352 | Lair:8   | Entered Level 8 of the Lair of Beasts
 14457 | Lair:8   | Gained mutation: Your wings are large and strong. [gargoyle growth]
 14457 | Lair:8   | Reached XP level 14. HP: 89/92 MP: 14/14
 14512 | Lair:8   | Reached skill level 13 in Fighting
 14517 | Lair:8   | Reached skill level 10 in Dodging
 14537 | Lair:8   | Received a gift from Trog
 15182 | Lair:8   | Found a viscous altar of Jiyva.
 15196 | Lair:8   | Found a staircase to the Slime Pits.
 15336 | Lair:8   | Received a gift from Trog
 15985 | D:8      | Noticed Psyche
 15986 | D:8      | Noticed Duvessa
 15986 | D:8      | Noticed Dowan
 15995 | D:8      | Killed Psyche
 15996 | D:8      | Killed Dowan
 15998 | D:8      | Killed Duvessa
 16492 | D:8      | Noticed a manticore
 16503 | D:8      | Killed a manticore
 16540 | D:8      | Received a gift from Trog
 16681 | D:8      | Noticed schauveau's ghost (experienced GrEE)
 16696 | D:8      | Killed schauveau's ghost
 17393 | D:9      | Noticed Maurice
 17410 | D:9      | Killed Maurice
 17526 | D:9      | Found a deep blue altar of Sif Muna.
 17599 | D:9      | Received a gift from Trog
 17648 | D:9      | Got a vibrating brass ring
 17650 | D:9      | Identified the ring "Smuan" {+Inv rPois Str+3} (You found it on level 9 of the Dungeon)
 17866 | D:9      | Received a gift from Trog
 18574 | D:10     | Entered Level 10 of the Dungeon
 19100 | D:10     | Received a gift from Trog
 19107 | D:10     | Noticed Fannar
 19139 | D:10     | Killed Fannar
 19448 | D:11     | Found a staircase to the Orcish Mines.
 19560 | Orc:1    | Entered Level 1 of the Orcish Mines
 19607 | Orc:1    | Reached skill level 14 in Armour
 20065 | Orc:2    | Received a gift from Trog
 20475 | Orc:3    | Reached XP level 15. HP: 89/100 MP: 15/15
 20597 | Orc:3    | Found a roughly hewn altar of Beogh.
 20795 | Orc:4    | Entered Level 4 of the Orcish Mines
 20795 | Orc:4    | Found Loughuh's Antique Armour Emporium.
 20918 | Orc:4    | Found Apnogiuf's Magic Scroll Boutique.
 20919 | Orc:4    | Found Utwugosoku's Assorted Antiques.
 20950 | Orc:3    | Received a gift from Trog
 21085 | Orc:4    | Found a staircase to the Elven Halls.
 21132 | Orc:4    | Found Veicejen's Jewellery Shoppe.
 21160 | Orc:4    | Found a frozen archway.
 21238 | Orc:4    | Found Ocegraza's General Store.
 21240 | Orc:4    | Found Thuqupuf's Antique Armour Shop.
 21282 | Orc:4    | Bought a pair of glowing boots for 117 gold pieces
 21320 | Orc:4    | Noticed Joseph
 21329 | Orc:4    | Killed Joseph
 21343 | Orc:4    | Received a gift from Trog
 21363 | Orc:4    | Found Ytuuzaq's Antique Weapon Shoppe.
 21415 | Orc:4    | Noticed Urug
 21425 | Orc:4    | Killed Urug
 21597 | Orc:4    | Found Treapt's Book Boutique.
 21598 | Orc:4    | Noticed Josephine
 21614 | Orc:4    | Killed Josephine
 21629 | Orc:4    | Found Kaatwaw's Antique Weapon Shop.
 22171 | Spider:1 | Entered Level 1 of the Spider Nest
 22448 | Spider:1 | Received a gift from Trog
 23703 | Spider:2 | Noticed Donald
 23722 | Spider:2 | Killed Donald
 24491 | Spider:3 | Reached skill level 15 in Armour
 24715 | Spider:3 | Reached XP level 16. HP: 97/107 MP: 16/16
 25166 | Spider:3 | Received a gift from Trog
 25389 | Spider:3 | Reached skill level 15 in Fighting
 26302 | Spider:5 | Entered Level 5 of the Spider Nest
 26371 | Spider:5 | Received a gift from Trog
 26372 | Spider:5 | Killed from afar by a trapdoor spider

Action                   |  1- 3 |  4- 6 |  7- 9 | 10-12 | 13-15 | 16-18 || total
-------------------------+-------+-------+-------+-------+-------+-------++-------
Melee: Hand axe          |    43 |    93 |   348 |   296 |       |       ||   780
       Executioner's axe |       |       |       |   291 |  1501 |   230 ||  2022
       Mace              |       |       |       |   114 |    54 |       ||   168
       Unarmed           |       |       |       |    15 |       |       ||    15
Invok: Berserk           |       |     2 |     3 |       |     2 |       ||     7
       Trog's Hand       |       |       |     2 |       |     3 |       ||     5
       Brothers in Arms  |       |       |       |     2 |     1 |       ||     3
       Burn Spellbooks   |       |       |       |     3 |       |       ||     3
 Abil: Fly               |       |       |       |       |       |     1 ||     1
  Use: Scroll            |       |       |    10 |     9 |    15 |     2 ||    36
       Potion            |       |       |       |     1 |     1 |     1 ||     3
 Stab: Distracted        |       |       |     1 |       |       |       ||     1
       Invisible         |       |       |       |       |       |     5 ||     5
  Eat: Chunk             |       |     6 |    10 |    34 |    66 |     3 ||   119
       Meat ration       |       |       |     1 |     1 |       |       ||     2
       Beef jerky        |       |       |       |     1 |       |       ||     1
